 Dungeon Crawl Stone Soup version 0.31-a0-1165-g196b491b36 (webtiles) character file.

Game seed: 2672605757066992409

14 rj54x the Slasher (level 2, -2/40 HPs)
             Began as a Minotaur Berserker on Dec 10, 2023.
             Was a Follower of Trog.
             Slain by a gnoll
             ... wielding a +0 spear
              (6 damage)
             ... on level 2 of the Dungeon.
             The game lasted 00:02:55 (718 turns).

rj54x the Slasher (Minotaur Berserker)               Turns: 718, Time: 00:02:55

Health: -2/40      AC:  5    Str: 21    XL:     2   Next: 27%
Magic:  1/1        EV: 11    Int:  4    God:    Trog [*.....]
Gold:   68         SH:  0    Dex:  9    Spells: 1/1 levels left

rFire   . . .        a - +0 falchion
rCold   . . .        (no shield)
rNeg    . . .        g - +0 ring mail
rPois   .            (helmet restricted)
rElec   .            (no cloak)
rCorr   .            (no gloves)
SInv    .            (no boots)
Will    .....        (no amulet) Stlth
                     (no ring)
HPRegen 0.26/turn    (no ring)
MPRegen 0.07/turn

%: no passive effects
@: berserking, very quick
A: horns 2, retaliatory headbutt
a: Renounce Religion, Berserk


You were on level 2 of the Dungeon.
You worshipped Trog.
Trog was aware of your devotion.
You visited 1 branch of the dungeon, and saw 2 of its levels.

You collected 68 gold pieces.

Inventory:

Hand Weapons
 a - a +0 falchion (weapon)
 d - a +1 hand cannon of freezing
Armour
 b - a +0 animal skin
 g - a +0 ring mail (worn)
Talismans
 j - a flux talisman
Scrolls
 c - a scroll of teleportation {unknown}
 e - a scroll of enchant weapon {unknown}
 i - a scroll of noise {unknown}
 k - a scroll of immolation {unknown}
Potions
 f - a potion of attraction {unknown}
 h - 2 potions of haste {unknown}
 l - a potion of mutation {unknown}


   Skills:
 - Level 3.8 Fighting
 + Level 4.0 Long Blades
 - Level 2.7 Armour
 - Level 2.4 Dodging


You had one spell level left.
You didn't know any spells.
Your spell library was empty.

Dungeon Overview and Level Annotations

Branches:
Dungeon (2/15)

Altars:


Innate Abilities, Weirdness & Mutations

You have a pair of horns on your head.
You reflexively headbutt those who attack you in melee.


Message History

You see here a scroll labelled IBOEHA IFUTH.
Setting a skill training target for Long Blades at 14.0.
You start waiting.
A ball python is nearby!
You closely miss the ball python. Your headbutt misses the ball python.
You punch the ball python.
You kill the ball python!
Trog accepts your kill.
No target in view!
No target in view!
k - a scroll labelled IBOEHA IFUTH You see here a ball python corpse.
You see here a hobgoblin corpse.
You now have 68 gold pieces (gained 4).
Found a stone staircase leading down.
There is a stone staircase leading down here.
l - a blue potion A gnoll comes into view.
It is wielding a +0 spear.
The gnoll shouts!
A gnoll comes into view. It is wielding a +0 club.
The gnoll moves out of view.
A gnoll comes into view. It is wielding a +0 club.
The gnoll shouts! x2
The gnoll hits you but does no damage.
You barely miss the gnoll. The gnoll hits you with a +0 club.
You hit the gnoll but do no damage. The gnoll hits you with a +0 club.
Found a robe and a leather armour.
The gnoll attacks as it pursues you! The gnoll hits you with a +0 club!
A red film seems to cover your vision as you go berserk!
You feel yourself moving faster!
You feel mighty! The gnoll hits you with a +0 club!
The gnoll hits you from afar with a +0 spear.
* * * LOW HITPOINT WARNING * * *
You hit the gnoll but do no damage. The gnoll hits you with a +0 club.
* * * LOW HITPOINT WARNING * * *
You are too berserk!
You slash the gnoll!
The gnoll is almost dead.
The gnoll hits you from afar with a +0 spear.
You die...

# ###########. .# .
#...<....... #.#.[
#.#########. ....# #.#
..###..[# #.# # ..#.....# ##
#.####.... ..#@#.. # #.#
#......# #.#g# ...###.#
#.###### #.#g# g#g..# #.#
#.#g# ...# #
#.##########.#.#####g.###.##
#............>..##..........
###†#####.###.###...........##
..†.......# #.# ####.#.####.#
###.####### #.# #.#.#


You could see 3 gnolls.

Vanquished Creatures
  A dart slug (D:1)
  An endoplasm (D:1)
  A goblin (D:1)
  3 hobgoblins
  A quokka (D:1)
  2 ball pythons
  2 bats (D:1)
11 creatures vanquished.

Notes
Turn   | Place    | Note
-------+----------+-------------------------------------------
     0 | D:1      | rj54x the Minotaur Berserker began the quest for the Orb.
     0 | D:1      | Reached XP level 1. HP: 19/19 MP: 0/0
   189 | D:1      | Reached XP level 2. HP: 27/27 MP: 1/1
   290 | D:1      | Found a faded altar of an unknown god.
   631 | D:2      | Reached skill level 4 in Long Blades
   718 | D:2      | Slain by a gnoll

Illustrated notes

Levels and vault maps discovered:
D:1:      amcnicky_arrival_wind_blow, layout_basic,
          shapermc_ecumenical_altar_mp_highgroup
D:2:      layout_loops_ring

Skill      XL: |  1  2 |
---------------+-------+-----
Long Blades    | 4 |  4.0
Fighting       | |  3.8
Armour         | |  2.7
Dodging        | |  2.4

Action                     || total
---------------------------++-------
  Melee: Falchion          ||    34
         Punch             ||     1
 Invoke: Berserk           ||     2
 Armour: Animal skin       ||    17
         Ring mail         ||    14
  Dodge: Dodged            ||    18

Table legend: (Time is in decaauts)
 A = Elapsed time spent in this place.
 B = Non-inter-level travel time spent in this place.
 C = Inter-level travel time spent in this place.
 D = Time resting spent in this place.
 E = Time spent auto-exploring this place.
 F = Levels seen in this place.
 G = Mean time per level.
                   A        B        C        D        E       F      G
               +--------+--------+--------+--------+--------+-----+--------+
         Total |    727 |    703 |     24 |     83 |    466 |   2 |  363.5 |
       Dungeon |    727 |    703 |     24 |     83 |    466 |   2 |  363.5 |
               +--------+--------+--------+--------+--------+-----+--------+

Top non-repeatable levels by time:
     D:1: 619 daAuts
     D:2: 108 daAuts
